Map: Newkirk Precinct TE (Void)

Players

PiG

  • Race: Terran Terran
  • League: Grandmaster
  • Spawn Location: 5:00

A.I. 1 (Very Easy) - Winner!

  • Race: Protoss Protoss
  • Spawn Location: 7:00

VOD

https://www.youtube.com/watch?v=nqC8FZkEsz4

Description

2-1-1 T Opening for all MU + Medivac Bio Micro - The PiG Daily #157

Time

  • Played on: April 17, 2017, 2:51 a.m.
  • Length: 13:55
Show
View Real Time Build Order
Export as new Build Order

PiG Terran 

Build Orders: Reaper Expand, MMM Bio 

Get SALT Encoding   

  12  0:01  SCV  
  13  0:13  SCV  
  14  0:17  Supply Depot  
  14  0:25  SCV  
  15  0:39  SCV  
  15  0:40  Barracks  
  16  0:44  Refinery  
  16  0:51  SCV  
  17  1:03  SCV  
  18  1:15  SCV  
  19  1:27  Reaper  
  19  1:28  Orbital Command  
  20  1:44  Command Center  
  20  1:55  SCV  
  20  1:59  Barracks  
  21  2:02  Barracks Reactor  
  21  2:07  SCV  
  22  2:13  Supply Depot  
  22  2:18  Refinery  
  22  2:20  SCV  
  23  2:33  Factory  
  23  2:35  SCV  
  24  2:39  Marine x2  
  26  2:47  Barracks Tech Lab  
  26  2:50  SCV  
  27  2:57  Orbital Command  
  27  3:02  SCV  
  28  3:07  Stimpack  
  28  3:08  Marine  
  28  3:10  Marine  
  28  3:11  Marine  
  31  3:15  SCV  
  32  3:23  Starport  
  32  3:24  Factory Reactor  
  32  3:27  Marine  
  32  3:29  SCV  
  32  3:31  SCV  
  32  3:34  Marine x2  
  37  3:43  SCV x2  
  37  3:45  Marine  
  37  3:48  Supply Depot  
  40  3:52  Marine  
  40  3:53  Supply Depot  
  40  3:54  Marine  
  42  3:58  SCV  
  42  3:59  SCV  
  44  4:03  Marine  
  45  4:10  SCV  
  45  4:11  SCV  
  45  4:13  Marine x2  
  45  4:16  Medivac  
  45  4:17  Medivac  
  53  4:20  Marine  
  53  4:22  SCV  
  53  4:23  Supply Depot  
  55  4:25  SCV  
  56  4:31  Marine x2  
  58  4:39  Marine  
  58  4:40  SCV  
  58  4:41  SCV  
  61  4:46  Supply Depot  
  61  4:49  Marine  
  62  4:53  SCV  
  62  8:35  Combat Shields  
  62  8:38  Medivac x2  
  62  8:39  Marine x3  
  69  8:48  Command Center  
  69  8:51  Engineering Bay  
  69  8:53  Engineering Bay  
  69  8:57  Barracks, Marine x2  
  69  8:58  Barracks  
  71  9:05  Barracks  
  71  10:38  Marine x3  
  71  10:41  Barracks Reactor x3  
  74  10:49  Orbital Command  
  74  10:52  Terran Infantry Armor Level 1, Terran Infantry Weapons Level 1  
  74  10:56  Marine  
Show
View Real Time Build Order
Export as new Build Order

A.I. 1 (Very Easy) Protoss - Winner!

Build Orders:  

Get SALT Encoding   

  12  0:01  Probe (Chrono Boost)  
  13  0:11  Probe (Chrono Boost)  
  14  0:21  Pylon  
  14  0:36  Assimilator  
  14  0:43  Gateway  
  14  0:46  Pylon  
  14  1:14  Assimilator  
  14  1:28  Zealot, Probe (Chrono Boost)  
  17  1:33  Cybernetics Core  
  18  1:40  Probe (Chrono Boost)  
  18  1:50  Probe (Chrono Boost)  
  19  1:58  Warp Gate  
  20  2:01  Probe (Chrono Boost)  
  20  2:13  Probe (Chrono Boost)  
  21  2:24  Probe (Chrono Boost)  
  22  2:36  Stalker  
  24  7:05  Probe (Chrono Boost)  
  24  7:06  Adept, Pylon  
  27  7:09  Robotics Facility  
  27  7:14  Nexus  
  27  7:15  Probe (Chrono Boost)  
  28  7:26  Probe (Chrono Boost)  
  29  7:36  Probe (Chrono Boost)  
  30  7:40  Pylon  
  30  7:47  Probe (Chrono Boost)  
  27  7:54  Observer  
  28  8:05  Stalker  
  30  8:13  Observer  
  32  8:28  Probe (Chrono Boost)  
  33  8:34  Probe (Chrono Boost)  
  33  8:35  Assimilator  
  33  8:40  Assimilator  
  34  8:41  Probe (Chrono Boost)  
  35  8:48  Probe (Chrono Boost)  
  36  8:56  Probe (Chrono Boost)  
  37  9:03  Probe (Chrono Boost)  
  37  9:04  Zealot  
  40  9:10  Probe (Chrono Boost)  
  41  9:17  Probe (Chrono Boost)  
  42  9:24  Probe (Chrono Boost)  
  43  9:31  Probe (Chrono Boost)  
  44  9:38  Probe (Chrono Boost)  
  45  9:45  Probe (Chrono Boost)  
  46  9:53  Probe (Chrono Boost)  
  47  10:00  Probe (Chrono Boost)  
  48  10:07  Probe (Chrono Boost)  
  48  12:53  Warp Prism  
  48  12:54  Stalker  
  48  12:55  Gateway  
  52  12:59  Robotics Bay  
  52  13:02  Stargate  
  52  13:03  Probe (Chrono Boost)  
  46  13:11  Nexus  
  46  13:21  Sentry  
  46  13:25  Pylon  
  50  13:45  Gateway  
  50  13:48  Zealot  
Tags
 
Add a new tag
Caveats
  • Supply blocks, unpowered buildings, or Contaminate may cause inaccurate times.
  • Supply counts are checked every 10 seconds.